 Dungeon Crawl Stone Soup version 0.31-a0-221-gbddc013574 (webtiles) character file.

Game seed: 1857524077897149537

241 qw the Shooter (level 5, 0/47 HPs)
             Began as a Minotaur Hexslinger on July 3, 2023.
             Succumbed to a water moccasin's poison
             ... on level 3 of the Dungeon.
             The game lasted 00:00:41 (2040 turns).

qw the Shooter (Minotaur Hexslinger)                Turns: 2040, Time: 00:00:41

Health: 0/47       AC:  5    Str: 12    XL:     5   Next: 80%
Magic:  5/5        EV: 11    Int: 10    God:
Gold:   194        SH:  0    Dex: 15    Spells: 5/6 levels left

rFire   . . .        Y - +1 sling
rCold   . . .        (no shield)
rNeg    . . .        b - +0 ring mail
rPois   .            (helmet restricted)
rElec   .            (no cloak)
rCorr   .            (no gloves)
SInv    .            (no boots)
Will    .....        (no amulet)
Stlth   +            (no ring)
HPRegen 0.27/turn    (no ring)
MPRegen 0.09/turn

%: no passive effects
@: lethally poisoned (0 -> -12)
A: horns 2, retaliatory headbutt
a: no special abilities


You were on level 3 of the Dungeon.
You visited 1 branch of the dungeon, and saw 3 of its levels.

You collected 194 gold pieces.


Innate Abilities, Weirdness & Mutations

You have a pair of horns on your head.
You reflexively headbutt those who attack you in melee.


   Skills:
 - Level 4.8 Fighting
 + Level 5.0 Ranged Weapons
 - Level 1.0 Armour
 - Level 2.1 Dodging
 - Level 1.0 Spellcasting
 - Level 2.0 Hexes


You had 5 spell levels left.
You knew the following spells:

 Your Spells              Type           Power      Damage    Failure   Level
a - Slow                  Hex            16%        N/A       34%         1

Your spell library contained the following spells:

 Spells                   Type           Power      Damage    Failure   Level
 Inner Flame              Hex/Fire       2%         N/A       83%         3
 Portal Projectile        Hex/Tloc       4%         N/A       83%         3
 Cause Fear               Hex            2%         N/A       98%         4

Inventory:

Hand Weapons
 Y - a +1 sling (weapon)
Armour
 b - a +0 ring mail (worn)
Jewellery
 a - a ring of fire
Scrolls
 c - 2 scrolls of fear {unknown}
 e - a scroll of identify
Potions
 d - a potion of curing {unknown}
 f - a potion of magic {unknown}

Dungeon Overview and Level Annotations

Branches:
Dungeon (3/15)

Altars:
Yredelemnul


Message History

You shoot a sling bullet.
The sling bullet hits the water moccasin.
The water moccasin is heavily wounded.
The water moccasin bites you.
You are poisoned.
The water moccasin poisons you!
The water moccasin bites you but does no damage.
You shoot a sling bullet.
The sling bullet hits the water moccasin but does no damage.
The water moccasin is heavily wounded.
You feel very sick. The water moccasin bites you. x2
You shoot a sling bullet.
The sling bullet closely misses the water moccasin.
You feel sick. The water moccasin misses you. You furiously retaliate!
You headbutt the water moccasin. The water moccasin barely misses you.
You shoot a sling bullet.
The sling bullet hits the water moccasin!
The water moccasin is severely wounded.
You feel sick. The water moccasin bites you.
You shoot a sling bullet.
The sling bullet hits the water moccasin.
The water moccasin is severely wounded.
You feel sick. The water moccasin closely misses you.
The water moccasin bites you but does no damage.
You shoot a sling bullet.
The sling bullet misses the water moccasin.
You feel sick. The water moccasin bites you.
You are lethally poisoned!
The water moccasin poisons you! The water moccasin bites you.
You shoot a sling bullet.
The sling bullet barely misses the water moccasin.
You feel very sick. The water moccasin closely misses you.
You furiously retaliate!
You headbutt the water moccasin!
You kill the water moccasin!
Your Fighting skill gained 2 levels and is now at level 4!
You have reached level 5!
There is a lethal amount of poison in your body!
You die...

#.##.#.#.#...##.#+####.
#.#..#.#.#.####.#
#....#.#........###
######.###%######..
................#.#
#######.........#.#
#.........#.# ..
#.........#'####...
#>........@.....#
#.............>.#
#########........#
######.......'........#
....##.....###........#
###.##.....# #........#
# #.##.....# #........#
###.##.....#
######.....
.....'.....# .....


There were no monsters in sight!

Vanquished Creatures
  A water moccasin (D:3)
  Natasha (D:3)
  An orc wizard (D:2)
  2 adders
  3 worms (D:2)
  2 dart slugs
  4 orcs (D:2)
  2 giant cockroaches
  3 goblins
  6 hobgoblins
  2 jackals (D:2)
  4 quokkas
  6 ball pythons
  3 bats
  2 frilled lizards
  4 kobolds (D:2)
  6 rats
52 creatures vanquished.

Notes
Turn   | Place    | Note
-------+----------+-------------------------------------------
     0 | D:1      | qw the Minotaur Hexslinger began the quest for the Orb.
     0 | D:1      | Reached XP level 1. HP: 16/16 MP: 1/1
     0 | D:1      | 0 ||| qw: Version: 0.3-a-40-ge99b1a8
     0 | D:1      | 0 ||| qw: Game counter: 497
     0 | D:1      | 0 ||| qw: Melee chars always use a shield: true
     0 | D:1      | 0 ||| qw: God list: Okawaru
     0 | D:1      | 0 ||| qw: Allow faded altars: false
     0 | D:1      | 0 ||| qw: Do Orc after clearing Dungeon:15 true
     0 | D:1      | 0 ||| qw: Do second Lair branch before Depths: true
     0 | D:1      | 0 ||| qw: Lair rune preference: random
     0 | D:1      | 0 ||| qw: Goals: Normal
     0 | D:1      | 0 ||| PLANNING D:1-11
   227 | D:1      | Reached skill level 3 in Ranged Weapons
   250 | D:1      | Reached XP level 2. HP: 23/23 MP: 2/2
   885 | D:1      | 885 ||| UPGRADING to +0 leather armour.
   895 | D:1      | 895 ||| DROPPING +0 robe.
   896 | D:1      | 896 ||| READING scroll labelled DORAOM UGHOMA.
   897 | D:1      | 897 ||| DROPPING scroll of poison.
   985 | D:2      | Reached XP level 3. HP: 29/29 MP: 3/3
   991 | D:2      | Reached skill level 4 in Ranged Weapons
  1128 | D:2      | Reached XP level 4. HP: 23/36 MP: 4/4
  1549 | D:2      | Reached skill level 5 in Ranged Weapons
  1642 | D:2      | 1642 ||| UPGRADING to +0 ring mail.
  1652 | D:2      | 1652 ||| DROPPING +0 leather armour.
  1653 | D:2      | 1653 ||| READING scroll labelled MYSUGI RUROSKO.
  1742 | D:3      | Found a basalt altar of Yredelemnul.
  1750 | D:3      | Reached skill level 1 in Armour
  1814 | D:3      | Noticed Natasha
  1822 | D:3      | Killed Natasha
  2030 | D:3      | Noticed a water moccasin
  2038 | D:3      | HP: 8/37 [water moccasin (4)]
  2039 | D:3      | HP: 2/37 [poisoned by a water moccasin]
  2039 | D:3      | Killed a water moccasin
  2040 | D:3      | Reached XP level 5. HP: 3/47 MP: 5/5
  2040 | D:3      | Succumbed to a water moccasin's poison

Levels and vault maps discovered:
D:1:      elethiomel_arrival_fortress_basement, layout_basic
D:2:      layout_loops_cross, minmay_heptomino_w4
D:3:      layout_basic, mainiacjoe_overflow_large_starburst, uniq_natasha,
          uniq_robin, uniq_ijyb

Skill      XL: |  1  2  3  4 |
---------------+-------------+-----
Ranged Weapons | 3 4 5 |  5.0
Fighting       | 2 4 |  4.8
Armour         | 1 |  1.0
Dodging        | |  2.1
Spellcasting   | |  1.0
Hexes          | |  2.0

Action                     |  1- 3 |  4- 6 || total
---------------------------+-------+-------++-------
   Fire: Sling             |    89 |    84 ||   173
    Use: Scroll            |     1 |     1 ||     2
 Armour: Robe              |     4 |       ||     4
         Leather armour    |     2 |     4 ||     6
         Ring mail         |       |     5 ||     5
  Dodge: Dodged            |     9 |    20 ||    29

Table legend:
 A = Non-vault XP
 B = Vault XP
 C = Vault XP percentage of total XP
 D = Non-vault monster count
 E = Vault monster count
 F = Vault count percentage of total count
                 A         B        C        D         E       F
            +---------+---------+-------+---------+---------+-------
      Total |     296 |      49 |  14.2 |      42 |      10 |  19.2
            +---------+---------+-------+---------+---------+-------
        D:1 |      23 |       2 |   8.0 |      13 |       1 |   7.1
        D:2 |     101 |      12 |  10.6 |      23 |       8 |  25.8
        D:3 |     172 |      35 |  16.9 |       6 |       1 |  14.3
            +---------+---------+-------+---------+---------+-------
